WCHLSIM.com - West Coast Hockey League
html PUBLIC "-//W3C//DTD XHTML 1.0 Transitional//EN" "http://www.w3.org/TR/xhtml1/DTD/xhtml1-transitional.dtd"> WCHL - Game 166 - REGINA FALCONS vs PHOENIX MUSTANGS

REGINA FALCONS vs PHOENIX MUSTANGS

Created - 26 octobre 2019 at 13:18

Goals
1 2 3 T
REGINA FALCONS 2 0 2 4
PHOENIX MUSTANGS 2 0 0 2
Shots
1 2 3 T
REGINA FALCONS 4 9 10 23
PHOENIX MUSTANGS 14 2 6 22

1st period

1. PHOENIX MUSTANGS , Phil Kessel 5 (Erik Karlsson 6) at 1:03
2. REGINA FALCONS , Max Pacioretty 4 (Boone Jenner 7, Joel Edmundson 3) at 1:15
3. REGINA FALCONS , David Pastrnak 5 (Nazem Kadri 8, Brandon Saad 3) at 10:29
4. PHOENIX MUSTANGS , Andrew Copp 1 (T.J. Oshie 8, Justin Faulk 1) at 15:47

Penalties :
Joel Edmundson (REG) for Goalie Interference (Minor) at 1:45, Joel Edmundson (REG) for High sticking (Minor) at 3:55

2nd period

No Goal

Penalties :
Nicklas Backstrom (PHX) for Slashing (Minor) at 16:43, Joel Edmundson (REG) for Interference (Minor) at 19:01

3rd period

5. REGINA FALCONS , David Pastrnak 6 (Brandon Saad 4, Nazem Kadri 9) at 7:48
6. REGINA FALCONS , Blake Comeau 2 (Brady Tkachuk 6, Marc-Edouard Vlasic 2) at 19:03

Penalties :
Alexander Steen (PHX) for Roughing (Minor) at 8:52, Filip Hronek (REG) for Hooking (Minor) at 8:52, Matt Martin (REG) for Hooking (Minor) at 12:07, Ben Harpur (REG) for Roughing (Minor) at 14:52

Goalie Stats

Frederik Andersen (REG), 20 saves from 22 shots - (0,909), W, 4-2-2, 60:00 minutes
Corey Crawford (PHX), 19 saves from 23 shots - (0,826), L, 6-6-0, 60:00 minutes

Players Stats for REGINA FALCONS

Player Name              G  A  P  +/- PIM S  H  SB GA TA FO     MP     PP MP  PK MP  
------------------------------------------------------------------------------------
Antti Suomela            0  0  0   0  0   0  0  0  0  0  3/12    8:36   0:00   2:26 
Ben Harpur               0  0  0   1  2   1  3  1  0  0  0/0    17:52   0:16   4:03 
Blake Comeau             1  0  1   0  0   1  0  0  0  0  1/1    15:08   0:00   6:14 
Boone Jenner             0  1  1   1  0   2  3  0  0  0  10/17  17:47   1:30   0:00 
Brady Tkachuk            0  1  1   0  0   1  2  0  0  0  0/0     9:12   0:00   0:18 
Brandon Saad             0  2  2   1  0   4  0  0  0  0  0/3    20:32   0:29   2:24 
Brian Gibbons            0  0  0   0  0   0  0  0  0  0  3/17   12:17   0:00   3:23 
David Pastrnak           2  0  2   1  0   3  1  1  0  0  0/5    16:59   0:29   0:00 
Filip Hronek             0  0  0   1  2   1  1  0  0  0  0/0    15:13   1:30   0:10 
Joel Edmundson           0  1  1   1  6   0  4  1  0  0  0/0    19:20   0:00   1:54 
Jonathan Miller          0  0  0   1  0   3  0  0  0  0  1/2    17:40   1:30   1:42 
Marc-Edouard Vlasic      0  1  1   0  0   0  0  2  0  0  0/0    23:04   0:29   4:41 
Matt Martin              0  0  0   0  2   0  1  0  0  0  0/1     6:54   0:00   0:00 
Max Pacioretty           1  0  1   1  0   3  0  0  0  0  2/2    16:13   1:30   0:00 
Nazem Kadri              0  2  2   1  0   4  1  0  0  0  9/18   16:29   0:29   0:00 
Ron Hainsey              0  0  0   1  0   0  1  6  0  0  0/0    22:53   0:29   4:26 
Ryan Murray              0  0  0   0  0   0  1  1  0  0  0/0    21:33   1:14   4:36 
Valeri Nichushkin        0  0  0   0  0   0  1  0  0  0  0/2    10:18   0:00   3:23 

Players Stats for PHOENIX MUSTANGS

Player Name              G  A  P  +/- PIM S  H  SB GA TA FO     MP     PP MP  PK MP  
------------------------------------------------------------------------------------
Alexander Steen          0  0  0  -1  2   1  0  0  0  0  1/2    19:29   4:10   0:00 
Andrew Copp              1  0  1   0  0   1  0  0  0  0  5/9     8:04   0:00   0:10 
Andrew Ladd              0  0  0   0  0   0  0  0  0  0  0/0    12:25   0:00   0:00 
Dennis Cholowski         0  0  0  -3  0   0  1  0  0  0  0/0    19:45   4:10   0:50 
Erik Karlsson            0  1  1   0  0   0  1  2  0  0  0/0    24:34   7:11   0:00 
Fredrik Claesson         0  0  0  -3  0   0  0  1  0  0  0/0    13:51   0:00   1:09 
Gavin Bayreuther         0  0  0   1  0   0  1  1  0  0  0/0    21:19   2:25   0:50 
Jake Gardiner            0  0  0   0  0   0  0  1  0  0  0/0    17:24   0:00   1:09 
Jeff Carter              0  0  0  -1  0   1  1  0  0  0  14/18  26:25   5:45   0:30 
Jesper Fast              0  0  0   0  0   0  1  0  0  0  1/3     7:19   0:00   1:29 
Justin Faulk             0  1  1   1  0   0  2  2  0  0  0/0    23:07   6:04   0:00 
Justin Kloos             0  0  0   0  0   0  0  0  0  0  0/0     0:00   0:00   0:00 
Kevin Hayes              0  0  0  -1  0   1  1  0  0  0  17/28  21:57   4:10   1:19 
Kevin Labanc             0  0  0   0  0   2  0  0  0  0  0/1     9:41   0:00   0:00 
Nicklas Backstrom        0  0  0  -1  2   5  0  0  0  0  9/14   19:07   5:45   0:00 
Phil Kessel              1  0  1  -1  0   9  1  0  0  0  0/0    20:51   4:10   0:30 
T.J. Oshie               0  1  1   0  0   1  0  0  0  0  2/3    12:25   0:00   0:00 
Teuvo Teravainen         0  0  0  -1  0   1  3  1  0  0  2/2    18:17   5:45   0:00 

3 Stars

1 - David Pastrnak (REG)
2 - Nazem Kadri (REG)
3 - Max Pacioretty (REG)

Power Play

REGINA FALCONS - 0 on 1 Attempt(s) - 0,00%
PHOENIX MUSTANGS - 0 on 5 Attempt(s) - 0,00%

Penalty Kill

REGINA FALCONS - 5 on 5 Attempt(s) - 100,00% - Score 0 goal in Penalty Kill
PHOENIX MUSTANGS - 1 on 1 Attempt(s) - 100,00% - Score 0 goal in Penalty Kill

Team Stat

REGINA FALCONS - Hits : 19 - Faceoff Wins : 29 - Blocked Shots : 12 - Penalty Minutes : 12
PHOENIX MUSTANGS - Hits : 12 - Faceoff Wins : 51 - Blocked Shots : 8 - Penalty Minutes : 4

Official

Referees : Evgeny Romasko and Kyle Rehman
Linesman : Randy Sappo and Jared Hoffmeyer

Game Notes

Andrew Copp is injured at 18:00 of 2nd period (Abdomen/Ribs)
Antti Suomela is injured at 19:03 of 2nd period (Broken Right Thumb)

Finance

Level 1 -- Attendance: 5913 (95,37%) -- Ticket Income 857 385 $
Level 2 -- Attendance: 5600 (100,00%) -- Ticket Income 392 000 $
Level 3 -- Attendance: 3000 (100,00%) -- Ticket Income 135 000 $
Level 4 -- Attendance: 5000 (100,00%) -- Ticket Income 175 000 $
Luxury Box -- Attendance: 1000 (100,00%) -- Ticket Income 250 000 $
Game was played at the Mustangs Palace.
Total Attendance: 20513 (98,62%)
Total Ticket Income: 1 809 385 $
Other Income: 542 816 $
Total Income: 2 352 201 $

REGINA FALCONS

5 vs 5 Forward 
   Center                   Left Wing                Right Wing               Time % Phy DF OF 
 1 Nazem Kadri              Brandon Saad             David Pastrnak           37     0   2  3  
 2 Boone Jenner             Max Pacioretty           Jonathan Miller          36     0   2  3  
 3 Brian Gibbons            Brady Tkachuk            Blake Comeau             20     1   2  2  
 4 Antti Suomela            Matt Martin              Valeri Nichushkin        7      1   3  1  

5 vs 5 Defense 
   Defense                  Defense                                           Time % Phy DF OF 
 1 Marc-Edouard Vlasic      Ryan Murray                                       37     0   4  1  
 2 Ron Hainsey              Joel Edmundson                                    35     1   3  1  
 3 Filip Hronek             Ben Harpur                                        28     1   4  0  
 4 Marc-Edouard Vlasic      Joel Edmundson                                    0      0   5  0  

PowerPlay Forward 
   Center                   Left Wing                Right Wing               Time % Phy DF OF 
 1 Nazem Kadri              Brandon Saad             David Pastrnak           55     0   1  4  
 2 Boone Jenner             Max Pacioretty           Jonathan Miller          45     0   1  4  

PowerPlay Defense
   Defense                  Defense                                           Time % Phy DF OF 
 1 Filip Hronek             Ryan Murray                                       55     0   1  4  
 2 Ron Hainsey              Marc-Edouard Vlasic                               45     0   2  3  

Penalty Kill 4 Players Forward 
   Center                   Wing                     Time % Phy DF OF 
 1 Antti Suomela            Blake Comeau             55     0   5  0  
 2 Brian Gibbons            Valeri Nichushkin        45     0   5  0  

Penalty Kill 4 Players Defense
   Defense                  Defense                  Time % Phy DF OF 
 1 Ben Harpur               Joel Edmundson           55     0   5  0  
 2 Ryan Murray              Marc-Edouard Vlasic      45     0   5  0  

Penalty Kill - 3 Players Forward 
   Forward                                           Time % Phy DF OF 
 1 Antti Suomela                                     55     0   5  0  
 2 Brian Gibbons                                     45     0   5  0  

Penalty Kill - 3 Players Defense
   Defense                  Defense                  Time % Phy DF OF 
 1 Ben Harpur               Joel Edmundson           55     0   5  0  
 2 Ryan Murray              Marc-Edouard Vlasic      45     0   5  0  

4 vs 4 Forward 
   Center                   Wing                     Time % Phy DF OF 
 1 Nazem Kadri              David Pastrnak           50     0   2  3  
 2 Boone Jenner             Brandon Saad             50     0   2  3  

4 vs 4 Defense
   Defense                  Defense                  Time % Phy DF OF 
 1 Filip Hronek             Ryan Murray              50     0   2  3  
 2 Ron Hainsey              Marc-Edouard Vlasic      50     0   3  2  

Last Minutes Offensive
   Center                   Left Wing                Right Wing               Defense                  Defense                  
   Nazem Kadri              Max Pacioretty           David Pastrnak           Marc-Edouard Vlasic      Ryan Murray              

Last Minutes Defensive
   Center                   Left Wing                Right Wing               Defense                  Defense                  
   Boone Jenner             Brandon Saad             Jonathan Miller          Joel Edmundson           Ron Hainsey              

Goaltenders
Starting : Frederik Andersen        
Backup : Anton Khudobin           

Extra Forwards
Normal : David Pastrnak, Brandon Saad, Max Pacioretty - PP : David Pastrnak, Nazem Kadri - PK : Brandon Saad
Extra Defensemen
Normal : Ryan Murray, Joel Edmundson, Ben Harpur - PP : Marc-Edouard Vlasic - PK : Ron Hainsey, Joel Edmundson
Penalty Shots
David Pastrnak, Brady Tkachuk, Max Pacioretty, Jonathan Miller, Nazem Kadri
Custom OT Lines Forwards
David Pastrnak, Brandon Saad, Boone Jenner, Max Pacioretty, Jonathan Miller, Nazem Kadri, Brady Tkachuk, Blake Comeau, Matt Martin, Valeri Nichushkin
Custom OT Lines Defensemen
Marc-Edouard Vlasic, Ron Hainsey, Ryan Murray, Ben Harpur, Joel Edmundson

Scratches
Sami Vatanen (Sprained Right Finger Injury)

PHOENIX MUSTANGS

5 vs 5 Forward 
   Center                   Left Wing                Right Wing               Time % Phy DF OF 
 1 Nicklas Backstrom        Teuvo Teravainen         Jeff Carter              36     1   2  2  
 2 Kevin Hayes              Alexander Steen          Phil Kessel              31     1   2  2  
 3 Jeff Carter              Kevin Labanc             Jesper Fast              25     1   2  2  
 4 Andrew Copp              Andrew Ladd              T.J. Oshie               8      1   2  2  

5 vs 5 Defense 
   Defense                  Defense                                           Time % Phy DF OF 
 1 Justin Faulk             Gavin Bayreuther                                  36     1   2  2  
 2 Jake Gardiner            Erik Karlsson                                     31     1   2  2  
 3 Dennis Cholowski         Fredrik Claesson                                  23     1   2  2  
 4 Dennis Cholowski         Erik Karlsson                                     10     1   2  2  

PowerPlay Forward 
   Center                   Left Wing                Right Wing               Time % Phy DF OF 
 1 Jeff Carter              Nicklas Backstrom        Teuvo Teravainen         55     1   2  2  
 2 Kevin Hayes              Alexander Steen          Phil Kessel              45     1   2  2  

PowerPlay Defense
   Defense                  Defense                                           Time % Phy DF OF 
 1 Erik Karlsson            Justin Faulk                                      55     1   2  2  
 2 Erik Karlsson            Dennis Cholowski                                  45     1   2  2  

Penalty Kill 4 Players Forward 
   Center                   Wing                     Time % Phy DF OF 
 1 Nicklas Backstrom        Kevin Hayes              55     1   2  2  
 2 Jeff Carter              Phil Kessel              45     1   2  2  

Penalty Kill 4 Players Defense
   Defense                  Defense                  Time % Phy DF OF 
 1 Gavin Bayreuther         Dennis Cholowski         55     1   2  2  
 2 Jake Gardiner            Fredrik Claesson         45     1   2  2  

Penalty Kill - 3 Players Forward 
   Forward                                           Time % Phy DF OF 
 1 Phil Kessel                                       55     1   2  2  
 2 Kevin Hayes                                       45     1   2  2  

Penalty Kill - 3 Players Defense
   Defense                  Defense                  Time % Phy DF OF 
 1 Gavin Bayreuther         Dennis Cholowski         55     1   2  2  
 2 Jake Gardiner            Fredrik Claesson         45     1   2  2  

4 vs 4 Forward 
   Center                   Wing                     Time % Phy DF OF 
 1 Kevin Hayes              Jeff Carter              55     1   2  2  
 2 Nicklas Backstrom        Phil Kessel              45     1   2  2  

4 vs 4 Defense
   Defense                  Defense                  Time % Phy DF OF 
 1 Gavin Bayreuther         Fredrik Claesson         55     1   2  2  
 2 Jake Gardiner            Dennis Cholowski         45     1   2  2  

Last Minutes Offensive
   Center                   Left Wing                Right Wing               Defense                  Defense                  
   Nicklas Backstrom        Teuvo Teravainen         Phil Kessel              Justin Faulk             Erik Karlsson            

Last Minutes Defensive
   Center                   Left Wing                Right Wing               Defense                  Defense                  
   Nicklas Backstrom        Teuvo Teravainen         Phil Kessel              Justin Faulk             Erik Karlsson            

Goaltenders
Starting : Corey Crawford           
Backup : Garret Sparks            

Extra Forwards
Normal : Jeff Carter, Kevin Labanc, Jesper Fast - PP : Jeff Carter, Kevin Labanc - PK : Jesper Fast
Extra Defensemen
Normal : Dennis Cholowski, Fredrik Claesson, Jake Gardiner - PP : Dennis Cholowski - PK : Fredrik Claesson, Jake Gardiner
Penalty Shots
Nicklas Backstrom, Kevin Labanc, Jeff Carter, Phil Kessel, Kevin Hayes
Custom OT Lines Forwards
Nicklas Backstrom, Andrew Ladd, Teuvo Teravainen, Phil Kessel, Kevin Hayes, Jeff Carter, Alexander Steen, Kevin Labanc, Jesper Fast, Andrew Copp
Custom OT Lines Defensemen
Gavin Bayreuther, Fredrik Claesson, Jake Gardiner, Justin Faulk, Dennis Cholowski

Scratches
Vince Pedrie (Healthy), Dan Renouf (Healthy), Michael Kapla (Healthy), Michael Brodzinski (Healthy), Nick Lappin (Healthy)
Oscar Fantenberg (Separated Left Shoulder Injury), Michael Del Zotto (Bruised Left Shoulder Injury), Reece Willcox (Healthy), Riley Barber (Healthy), Tomas Hyka (Healthy)
Joonas Korpisalo (Healthy)

% Time on Ice - REGINA FALCONS

Lines # - Real PCT - Wanted PCT - Time Play
Normal Forward
1 - 34% - 37% - 15:50
2 - 31% - 36% - 14:28
3 - 19% - 20% - 8:54
4 - 15% - 7% - 6:55
Normal Defense
1 - 33% - 37% - 15:14
2 - 36% - 35% - 16:28
3 - 29% - 28% - 13:34
4 - 2% - 0% - 0:51
PP Forward
1 - 24% - 55% - 0:29
2 - 76% - 45% - 1:30
PP Defense
1 - 76% - 55% - 1:30
2 - 24% - 45% - 0:29
PK Forward
1 - 66% - 55% - 6:32
2 - 34% - 45% - 3:23
PK Defense
1 - 54% - 55% - 5:19
2 - 46% - 45% - 4:36
PK3 Forward
1 - 0% - 55%
2 - 0% - 45%
PK3 Defense
1 - 0% - 55%
2 - 0% - 45%
44 Forward
1 - 8% - 50% - 0:10
2 - 92% - 50% - 1:49
44 Defense
1 - 8% - 50% - 0:10
2 - 92% - 50% - 1:49
Last Minute Offensive  - 0:00
Last Minute Defensive  - 0:00
Total
Forward - 60:00
Defense - 60:00

% Time on Ice - PHOENIX MUSTANGS

Lines # - Real PCT - Wanted PCT - Time Play
Normal Forward
1 - 27% - 36% - 12:32
2 - 33% - 31% - 15:20
3 - 13% - 25% - 5:50
4 - 27% - 8% - 12:25
Normal Defense
1 - 37% - 36% - 17:03
2 - 33% - 31% - 15:17
3 - 24% - 23% - 11:06
4 - 6% - 10% - 2:41
PP Forward
1 - 58% - 55% - 5:45
2 - 42% - 45% - 4:10
PP Defense
1 - 58% - 55% - 5:45
2 - 42% - 45% - 4:10
PK Forward
1 - 75% - 55% - 1:29
2 - 25% - 45% - 0:30
PK Defense
1 - 42% - 55% - 0:50
2 - 58% - 45% - 1:09
PK3 Forward
1 - 0% - 55%
2 - 0% - 45%
PK3 Defense
1 - 0% - 55%
2 - 0% - 45%
44 Forward
1 - 57% - 55% - 1:08
2 - 43% - 45% - 0:51
44 Defense
1 - 51% - 55% - 1:01
2 - 49% - 45% - 0:58
Last Minute Offensive  - 0:00
Last Minute Defensive  - 0:00
Total
Forward - 60:00
Defense - 60:00

Play-by-Play

1st period


0:01 of 1st period - Nazem Kadri wins face-off versus Nicklas Backstrom in neutral zone.
0:06 of 1st period - Shot by David Pastrnak.
0:06 of 1st period - Shot Misses the Net.
0:16 of 1st period - Shot by Nicklas Backstrom.
0:16 of 1st period - Stopped by Frederik Andersen with a rebound.
1:03 of 1st period - Shot by Phil Kessel.
1:03 of 1st period - Goal by Phil Kessel - REGINA FALCONS : 0 - PHOENIX MUSTANGS : 1.
1:04 of 1st period - Andrew Copp wins face-off versus Boone Jenner in neutral zone.
1:15 of 1st period - Shot by Max Pacioretty.
1:15 of 1st period - Goal by Max Pacioretty - REGINA FALCONS : 1 - PHOENIX MUSTANGS : 1.
1:16 of 1st period - Kevin Hayes wins face-off versus Brian Gibbons in neutral zone.
1:37 of 1st period - Shot by Phil Kessel.
1:37 of 1st period - Stopped by Frederik Andersen without a rebound.
1:38 of 1st period - Jeff Carter wins face-off versus Boone Jenner in REGINA FALCONS zone.
1:38 of 1st period - Jeff Carter is hit by Joel Edmundson.
1:45 of 1st period - Minor Penalty to Joel Edmundson for Goalie Interference.
1:46 of 1st period - Jeff Carter wins face-off versus Antti Suomela in REGINA FALCONS zone.
2:23 of 1st period - Icing by Erik Karlsson.
2:24 of 1st period - Antti Suomela wins face-off versus Jeff Carter in PHOENIX MUSTANGS zone.
2:24 of 1st period - Antti Suomela is hit by Justin Faulk.
2:35 of 1st period - Blake Comeau is hit by Erik Karlsson.
2:58 of 1st period - Icing by Alexander Steen.
2:59 of 1st period - Kevin Hayes wins face-off versus Brian Gibbons in PHOENIX MUSTANGS zone.
2:59 of 1st period - Kevin Hayes is hit by Valeri Nichushkin.
3:15 of 1st period - Icing by Kevin Hayes.
3:16 of 1st period - Kevin Hayes wins face-off versus Antti Suomela in PHOENIX MUSTANGS zone.
3:22 of 1st period - Phil Kessel is hit by Ryan Murray and loses puck.
3:31 of 1st period - Shot by Phil Kessel.
3:31 of 1st period - Shot Misses the Net.
3:54 of 1st period - Jeff Carter is hit by Ron Hainsey and loses puck.
3:55 of 1st period - Minor Penalty to Joel Edmundson for High sticking.
3:56 of 1st period - Teuvo Teravainen wins face-off versus Valeri Nichushkin in REGINA FALCONS zone.
4:31 of 1st period - Shot by Nicklas Backstrom.
4:31 of 1st period - Stopped by Frederik Andersen without a rebound.
4:32 of 1st period - Kevin Hayes wins face-off versus Antti Suomela in REGINA FALCONS zone.
4:33 of 1st period - Shot by Phil Kessel.
4:33 of 1st period - Stopped by Frederik Andersen with a rebound.
4:43 of 1st period - Shot by Erik Karlsson.
4:43 of 1st period - Shot Misses the Net.
4:45 of 1st period - Shot by Phil Kessel.
4:45 of 1st period - Stopped by Frederik Andersen without a rebound.
4:46 of 1st period - Alexander Steen wins face-off versus Antti Suomela in REGINA FALCONS zone.
5:52 of 1st period - Shot by Nicklas Backstrom.
5:52 of 1st period - Stopped by Frederik Andersen with a rebound.
5:54 of 1st period - Shot by Nicklas Backstrom.
5:54 of 1st period - Stopped by Frederik Andersen without a rebound.
5:55 of 1st period - Boone Jenner wins face-off versus Andrew Copp in REGINA FALCONS zone.
6:14 of 1st period - Boone Jenner is hit by Dennis Cholowski and loses puck.
6:47 of 1st period - Shot by Nicklas Backstrom.
6:47 of 1st period - Shot Misses the Net.
6:49 of 1st period - Shot by Nicklas Backstrom.
6:49 of 1st period - Shot Misses the Net.
6:51 of 1st period - Shot by Teuvo Teravainen.
6:51 of 1st period - Stopped by Frederik Andersen without a rebound.
6:52 of 1st period - Nazem Kadri wins face-off versus Kevin Hayes in REGINA FALCONS zone.
7:05 of 1st period - Shot by Brandon Saad.
7:05 of 1st period - Shot Misses the Net.
7:07 of 1st period - Shot by David Pastrnak.
7:07 of 1st period - Shot Blocked by Jake Gardiner.
7:21 of 1st period - Shot by Kevin Hayes.
7:21 of 1st period - Shot Misses the Net.
7:31 of 1st period - Shot by Brandon Saad.
7:31 of 1st period - Shot Misses the Net.
7:33 of 1st period - Shot by Nazem Kadri.
7:33 of 1st period - Stopped by Corey Crawford without a rebound.
7:34 of 1st period - Nicklas Backstrom wins face-off versus Brian Gibbons in PHOENIX MUSTANGS zone.
7:54 of 1st period - Icing by Justin Faulk.
7:55 of 1st period - Nicklas Backstrom wins face-off versus Matt Martin in PHOENIX MUSTANGS zone.
9:07 of 1st period - Icing by Ryan Murray.
9:08 of 1st period - Boone Jenner wins face-off versus Andrew Copp in REGINA FALCONS zone.
9:30 of 1st period - Icing by Ryan Murray.
9:31 of 1st period - Boone Jenner wins face-off versus Kevin Hayes in REGINA FALCONS zone.
9:40 of 1st period - Shot by Jonathan Miller.
9:40 of 1st period - Shot Misses the Net.
9:56 of 1st period - Alexander Steen is hit by Boone Jenner and loses puck.
10:14 of 1st period - Phil Kessel is hit by Ben Harpur and loses puck.
10:29 of 1st period - Shot by David Pastrnak.
10:29 of 1st period - Goal by David Pastrnak - REGINA FALCONS : 2 - PHOENIX MUSTANGS : 1.
10:30 of 1st period - Jeff Carter wins face-off versus Brian Gibbons in neutral zone.
10:57 of 1st period - Shot by Kevin Labanc.
10:57 of 1st period - Stopped by Frederik Andersen without a rebound.
10:58 of 1st period - T.J. Oshie wins face-off versus Nazem Kadri in REGINA FALCONS zone.
11:04 of 1st period - Off-side.
11:05 of 1st period - Nicklas Backstrom wins face-off versus Nazem Kadri in neutral zone.
11:11 of 1st period - Off-side.
11:12 of 1st period - Jeff Carter wins face-off versus Nazem Kadri in neutral zone.
11:36 of 1st period - Shot by Kevin Labanc.
11:36 of 1st period - Stopped by Frederik Andersen without a rebound.
11:37 of 1st period - Boone Jenner wins face-off versus Kevin Hayes in REGINA FALCONS zone.
12:01 of 1st period - Icing by Erik Karlsson.
12:02 of 1st period - Nazem Kadri wins face-off versus Kevin Hayes in PHOENIX MUSTANGS zone.
12:19 of 1st period - Shot by Kevin Hayes.
12:19 of 1st period - Shot Misses the Net.
12:24 of 1st period - Icing by Filip Hronek.
12:25 of 1st period - Nazem Kadri wins face-off versus Nicklas Backstrom in REGINA FALCONS zone.
12:30 of 1st period - Shot by Brandon Saad.
12:30 of 1st period - Shot Blocked by Justin Faulk.
12:42 of 1st period - Shot by David Pastrnak.
12:42 of 1st period - Shot Blocked by Teuvo Teravainen.
12:44 of 1st period - Shot by Filip Hronek.
12:44 of 1st period - Shot Misses the Net.
12:46 of 1st period - Shot by Brandon Saad.
12:46 of 1st period - Shot Misses the Net.
13:41 of 1st period - Icing by Jonathan Miller.
13:42 of 1st period - Boone Jenner wins face-off versus Kevin Hayes in REGINA FALCONS zone.
15:36 of 1st period - T.J. Oshie is hit by Joel Edmundson and loses puck.
15:45 of 1st period - Shot by T.J. Oshie.
15:45 of 1st period - Shot Misses the Net.
15:47 of 1st period - Shot by Andrew Copp.
15:47 of 1st period - Goal by Andrew Copp - REGINA FALCONS : 2 - PHOENIX MUSTANGS : 2.
15:48 of 1st period - Kevin Hayes wins face-off versus Nazem Kadri in neutral zone.
16:26 of 1st period - Shot by Brandon Saad.
16:26 of 1st period - Stopped by Corey Crawford without a rebound.
16:27 of 1st period - Jeff Carter wins face-off versus Antti Suomela in PHOENIX MUSTANGS zone.
16:38 of 1st period - Icing by Joel Edmundson.
16:39 of 1st period - Antti Suomela wins face-off versus Jeff Carter in REGINA FALCONS zone.
16:44 of 1st period - Shot by Ron Hainsey.
16:44 of 1st period - Shot Blocked by Erik Karlsson.
16:53 of 1st period - Jeff Carter is hit by Joel Edmundson and loses puck.
17:06 of 1st period - Shot by Kevin Labanc.
17:06 of 1st period - Shot Blocked by Ron Hainsey.
17:31 of 1st period - Icing by Joel Edmundson.
17:32 of 1st period - Kevin Hayes wins face-off versus Antti Suomela in REGINA FALCONS zone.
17:35 of 1st period - Shot by Phil Kessel.
17:35 of 1st period - Deflect By Kevin Hayes.
17:35 of 1st period - Shot Blocked by Joel Edmundson.
17:37 of 1st period - Shot by Phil Kessel.
17:37 of 1st period - Stopped by Frederik Andersen with a rebound.
17:39 of 1st period - Shot by Justin Faulk.
17:39 of 1st period - Shot Misses the Net.
17:59 of 1st period - Ron Hainsey is hit by Phil Kessel and loses puck.
18:04 of 1st period - Shot by Phil Kessel.
18:04 of 1st period - Deflect By Kevin Hayes.
18:04 of 1st period - Stopped by Frederik Andersen without a rebound.
18:05 of 1st period - Andrew Copp wins face-off versus David Pastrnak in REGINA FALCONS zone.
18:32 of 1st period - Shot by David Pastrnak.
18:32 of 1st period - Shot Misses the Net.
Goals for this period are 2 for REGINA FALCONS vs 2 for PHOENIX MUSTANGS.
Shots for this period are 4 for REGINA FALCONS vs 14 for PHOENIX MUSTANGS.

2nd period


0:01 of 2nd period - Nazem Kadri wins face-off versus Nicklas Backstrom in neutral zone.
0:06 of 2nd period - Ryan Murray is hit by Teuvo Teravainen and loses puck.
0:24 of 2nd period - Off-side.
0:25 of 2nd period - Kevin Hayes wins face-off versus Brian Gibbons in neutral zone.
0:48 of 2nd period - Icing by Brady Tkachuk.
0:49 of 2nd period - Brian Gibbons wins face-off versus Nicklas Backstrom in REGINA FALCONS zone.
2:04 of 2nd period - Shot by Phil Kessel.
2:04 of 2nd period - Stopped by Frederik Andersen without a rebound.
2:05 of 2nd period - Boone Jenner wins face-off versus Andrew Copp in REGINA FALCONS zone.
2:32 of 2nd period - Shot by T.J. Oshie.
2:32 of 2nd period - Stopped by Frederik Andersen without a rebound.
2:33 of 2nd period - Kevin Hayes wins face-off versus Antti Suomela in REGINA FALCONS zone.
2:50 of 2nd period - Joel Edmundson is hit by Kevin Hayes and loses puck.
3:49 of 2nd period - Shot by Jeff Carter.
3:49 of 2nd period - Shot Blocked by Marc-Edouard Vlasic.
3:54 of 2nd period - Off-side.
3:55 of 2nd period - Max Pacioretty wins face-off versus Andrew Copp in neutral zone.
4:40 of 2nd period - Icing by Justin Faulk.
4:41 of 2nd period - Andrew Copp wins face-off versus David Pastrnak in PHOENIX MUSTANGS zone.
4:58 of 2nd period - Shot by David Pastrnak.
4:58 of 2nd period - Shot Blocked by Justin Faulk.
5:27 of 2nd period - Shot by Nazem Kadri.
5:27 of 2nd period - Stopped by Corey Crawford without a rebound.
5:28 of 2nd period - Nicklas Backstrom wins face-off versus Brian Gibbons in PHOENIX MUSTANGS zone.
5:39 of 2nd period - Ron Hainsey is hit by Jeff Carter and loses puck.
5:45 of 2nd period - Icing by Blake Comeau.
5:46 of 2nd period - Brian Gibbons wins face-off versus Kevin Hayes in REGINA FALCONS zone.
8:07 of 2nd period - Shot by Nazem Kadri.
8:07 of 2nd period - Shot Misses the Net.
8:09 of 2nd period - Shot by David Pastrnak.
8:09 of 2nd period - Deflect By Nazem Kadri.
8:09 of 2nd period - Stopped by Corey Crawford without a rebound.
8:10 of 2nd period - Andrew Copp wins face-off versus Antti Suomela in PHOENIX MUSTANGS zone.
9:10 of 2nd period - Shot by Jonathan Miller.
9:10 of 2nd period - Stopped by Corey Crawford without a rebound.
9:11 of 2nd period - Nicklas Backstrom wins face-off versus Nazem Kadri in PHOENIX MUSTANGS zone.
9:49 of 2nd period - Shot by Nazem Kadri.
9:49 of 2nd period - Stopped by Corey Crawford with a rebound.
10:21 of 2nd period - Off-side.
10:22 of 2nd period - Boone Jenner wins face-off versus Kevin Hayes in neutral zone.
10:32 of 2nd period - Shot by Max Pacioretty.
10:32 of 2nd period - Stopped by Corey Crawford without a rebound.
10:33 of 2nd period - T.J. Oshie wins face-off versus Brian Gibbons in PHOENIX MUSTANGS zone.
10:35 of 2nd period - Icing by Erik Karlsson.
10:36 of 2nd period - Andrew Copp wins face-off versus Boone Jenner in PHOENIX MUSTANGS zone.
10:49 of 2nd period - Shot by T.J. Oshie.
10:49 of 2nd period - Shot Misses the Net.
10:58 of 2nd period - Off-side.
10:59 of 2nd period - Jeff Carter wins face-off versus Brian Gibbons in neutral zone.
11:09 of 2nd period - Icing by Joel Edmundson.
11:10 of 2nd period - Nicklas Backstrom wins face-off versus Brian Gibbons in REGINA FALCONS zone.
11:13 of 2nd period - Shot by Teuvo Teravainen.
11:13 of 2nd period - Shot Misses the Net.
11:45 of 2nd period - Shot by Teuvo Teravainen.
11:45 of 2nd period - Shot Blocked by Ron Hainsey.
12:34 of 2nd period - Alexander Steen is hit by Boone Jenner and loses puck.
13:42 of 2nd period - Shot by David Pastrnak.
13:42 of 2nd period - Shot Blocked by Erik Karlsson.
13:45 of 2nd period - Icing by Jake Gardiner.
13:46 of 2nd period - Jeff Carter wins face-off versus Valeri Nichushkin in PHOENIX MUSTANGS zone.
13:46 of 2nd period - Jeff Carter is hit by Matt Martin.
13:49 of 2nd period - Icing by Kevin Labanc.
13:50 of 2nd period - Jeff Carter wins face-off versus Antti Suomela in PHOENIX MUSTANGS zone.
16:06 of 2nd period - Shot by Brandon Saad.
16:06 of 2nd period - Shot Misses the Net.
16:10 of 2nd period - Shot by Brandon Saad.
16:10 of 2nd period - Shot Misses the Net.
16:43 of 2nd period - Minor Penalty to Nicklas Backstrom for Slashing.
16:44 of 2nd period - Boone Jenner wins face-off versus Jesper Fast in PHOENIX MUSTANGS zone.
16:53 of 2nd period - Shot by Jonathan Miller.
16:53 of 2nd period - Stopped by Corey Crawford with a rebound.
16:55 of 2nd period - Shot by Jonathan Miller.
16:55 of 2nd period - Shot Blocked by Fredrik Claesson.
16:59 of 2nd period - Shot by Jonathan Miller.
16:59 of 2nd period - Stopped by Corey Crawford without a rebound.
17:00 of 2nd period - Boone Jenner wins face-off versus Jesper Fast in PHOENIX MUSTANGS zone.
17:31 of 2nd period - Shot by Boone Jenner.
17:31 of 2nd period - Stopped by Corey Crawford without a rebound.
17:32 of 2nd period - Jeff Carter wins face-off versus David Pastrnak in PHOENIX MUSTANGS zone.
17:59 of 2nd period - Andrew Copp is hit by David Pastrnak and loses puck.
18:00 of 2nd period - Andrew Copp from PHOENIX MUSTANGS is injured at 18:00 of 2nd period (Abdomen/Ribs).
18:01 of 2nd period - Jesper Fast wins face-off versus Boone Jenner in PHOENIX MUSTANGS zone.
18:01 of 2nd period - Jesper Fast is hit by Boone Jenner.
18:47 of 2nd period - Shot by Brady Tkachuk.
18:47 of 2nd period - Stopped by Corey Crawford without a rebound.
18:48 of 2nd period - Nicklas Backstrom wins face-off versus Brian Gibbons in PHOENIX MUSTANGS zone.
18:48 of 2nd period - Nicklas Backstrom is hit by Brady Tkachuk.
19:01 of 2nd period - Minor Penalty to Joel Edmundson for Interference.
19:02 of 2nd period - Antti Suomela wins face-off versus Jeff Carter in REGINA FALCONS zone.
19:02 of 2nd period - Antti Suomela is hit by Teuvo Teravainen.
19:03 of 2nd period - Antti Suomela from REGINA FALCONS is injured at 19:03 of 2nd period (Broken Right Thumb).
19:04 of 2nd period - Jeff Carter wins face-off versus Brandon Saad in REGINA FALCONS zone.
Goals for this period are 0 for REGINA FALCONS vs 0 for PHOENIX MUSTANGS.
Shots for this period are 9 for REGINA FALCONS vs 2 for PHOENIX MUSTANGS.

3rd period


0:01 of 3rd period - Teuvo Teravainen wins face-off versus Brandon Saad in neutral zone.
0:04 of 3rd period - Shot by Teuvo Teravainen.
0:04 of 3rd period - Shot Blocked by Ron Hainsey.
0:25 of 3rd period - Shot by Teuvo Teravainen.
0:25 of 3rd period - Shot Blocked by Ben Harpur.
0:27 of 3rd period - Shot by Erik Karlsson.
0:27 of 3rd period - Shot Misses the Net.
0:29 of 3rd period - Shot by Erik Karlsson.
0:29 of 3rd period - Shot Blocked by Ron Hainsey.
0:31 of 3rd period - Shot by Teuvo Teravainen.
0:31 of 3rd period - Shot Misses the Net.
0:58 of 3rd period - Marc-Edouard Vlasic is hit by Gavin Bayreuther and loses puck.
2:07 of 3rd period - Icing by Filip Hronek.
2:08 of 3rd period - Kevin Hayes wins face-off versus Nazem Kadri in REGINA FALCONS zone.
2:19 of 3rd period - Shot by David Pastrnak.
2:19 of 3rd period - Shot Hit the Post.
2:21 of 3rd period - Shot by Ben Harpur.
2:21 of 3rd period - Shot Misses the Net.
2:23 of 3rd period - Shot by Filip Hronek.
2:23 of 3rd period - Stopped by Corey Crawford without a rebound.
2:24 of 3rd period - Nicklas Backstrom wins face-off versus Brian Gibbons in PHOENIX MUSTANGS zone.
2:24 of 3rd period - Nicklas Backstrom is hit by Brady Tkachuk.
3:03 of 3rd period - Icing by Blake Comeau.
3:04 of 3rd period - Kevin Hayes wins face-off versus Brian Gibbons in REGINA FALCONS zone.
4:00 of 3rd period - Shot by Boone Jenner.
4:00 of 3rd period - Stopped by Corey Crawford with a rebound.
4:02 of 3rd period - Shot by Max Pacioretty.
4:02 of 3rd period - Stopped by Corey Crawford without a rebound.
4:03 of 3rd period - Nicklas Backstrom wins face-off versus Nazem Kadri in PHOENIX MUSTANGS zone.
4:18 of 3rd period - Shot by Brandon Saad.
4:18 of 3rd period - Stopped by Corey Crawford with a rebound.
4:20 of 3rd period - Shot by Brandon Saad.
4:20 of 3rd period - Stopped by Corey Crawford without a rebound.
4:21 of 3rd period - Jeff Carter wins face-off versus Boone Jenner in PHOENIX MUSTANGS zone.
4:43 of 3rd period - Boone Jenner is hit by Jesper Fast and loses puck.
4:49 of 3rd period - Icing by Ryan Murray.
4:50 of 3rd period - Boone Jenner wins face-off versus Kevin Labanc in REGINA FALCONS zone.
4:54 of 3rd period - Off-side.
4:55 of 3rd period - Kevin Hayes wins face-off versus David Pastrnak in neutral zone.
5:14 of 3rd period - Shot by Alexander Steen.
5:14 of 3rd period - Shot Misses the Net.
6:12 of 3rd period - Shot by Boone Jenner.
6:12 of 3rd period - Shot Hit the Post.
6:36 of 3rd period - Shot by Jonathan Miller.
6:36 of 3rd period - Shot Misses the Net.
7:12 of 3rd period - Shot by T.J. Oshie.
7:12 of 3rd period - Deflect By Kevin Labanc.
7:12 of 3rd period - Shot Blocked by Ryan Murray.
7:14 of 3rd period - Shot by T.J. Oshie.
7:14 of 3rd period - Shot Misses the Net.
7:16 of 3rd period - Shot by Kevin Labanc.
7:16 of 3rd period - Shot Misses the Net.
7:42 of 3rd period - Icing by Fredrik Claesson.
7:43 of 3rd period - Nazem Kadri wins face-off versus Kevin Hayes in PHOENIX MUSTANGS zone.
7:44 of 3rd period - Shot by Brandon Saad.
7:44 of 3rd period - Stopped by Corey Crawford with a rebound.
7:46 of 3rd period - Shot by Brandon Saad.
7:46 of 3rd period - Deflect By David Pastrnak.
7:46 of 3rd period - Shot Misses the Net.
7:48 of 3rd period - Shot by David Pastrnak.
7:48 of 3rd period - Goal by David Pastrnak - REGINA FALCONS : 3 - PHOENIX MUSTANGS : 2.
7:49 of 3rd period - Nazem Kadri wins face-off versus Kevin Hayes in neutral zone.
7:56 of 3rd period - Shot by Nazem Kadri.
7:56 of 3rd period - Shot Misses the Net.
7:58 of 3rd period - Shot by Ben Harpur.
7:58 of 3rd period - Stopped by Corey Crawford without a rebound.
7:59 of 3rd period - Nazem Kadri wins face-off versus Nicklas Backstrom in PHOENIX MUSTANGS zone.
8:33 of 3rd period - Shot by Brandon Saad.
8:33 of 3rd period - Shot Misses the Net.
8:35 of 3rd period - Shot by David Pastrnak.
8:35 of 3rd period - Stopped by Corey Crawford without a rebound.
8:36 of 3rd period - Brian Gibbons wins face-off versus Kevin Hayes in PHOENIX MUSTANGS zone.
8:52 of 3rd period - Minor Penalty to Alexander Steen for Roughing.
8:52 of 3rd period - Minor Penalty to Filip Hronek for Hooking.
8:53 of 3rd period - Kevin Hayes wins face-off versus Nazem Kadri in REGINA FALCONS zone.
8:59 of 3rd period - Off-side.
9:00 of 3rd period - Kevin Hayes wins face-off versus Boone Jenner in neutral zone.
9:09 of 3rd period - Shot by Jeff Carter.
9:09 of 3rd period - Deflect By Kevin Hayes.
9:09 of 3rd period - Shot Misses the Net.
9:11 of 3rd period - Shot by Fredrik Claesson.
9:11 of 3rd period - Shot Misses the Net.
9:13 of 3rd period - Shot by Fredrik Claesson.
9:13 of 3rd period - Shot Hit the Post.
9:31 of 3rd period - Shot by Kevin Hayes.
9:31 of 3rd period - Shot Blocked by Ron Hainsey.
10:02 of 3rd period - Shot by Phil Kessel.
10:02 of 3rd period - Deflect By Nicklas Backstrom.
10:02 of 3rd period - Shot Blocked by Ron Hainsey.
10:12 of 3rd period - Shot by Nicklas Backstrom.
10:12 of 3rd period - Stopped by Frederik Andersen with a rebound.
11:34 of 3rd period - T.J. Oshie is hit by Filip Hronek and loses puck.
12:00 of 3rd period - Shot by Valeri Nichushkin.
12:00 of 3rd period - Deflect By David Pastrnak.
12:00 of 3rd period - Shot Blocked by Gavin Bayreuther.
12:07 of 3rd period - Minor Penalty to Matt Martin for Hooking.
12:08 of 3rd period - Kevin Hayes wins face-off versus Jonathan Miller in REGINA FALCONS zone.
12:39 of 3rd period - Shot by Erik Karlsson.
12:39 of 3rd period - Deflect By Phil Kessel.
12:39 of 3rd period - Stopped by Frederik Andersen without a rebound.
12:40 of 3rd period - Jonathan Miller wins face-off versus Jeff Carter in REGINA FALCONS zone.
12:51 of 3rd period - Shot by Erik Karlsson.
12:51 of 3rd period - Shot Blocked by Marc-Edouard Vlasic.
12:53 of 3rd period - Shot by Justin Faulk.
12:53 of 3rd period - Shot Misses the Net.
13:41 of 3rd period - Shot by Phil Kessel.
13:41 of 3rd period - Stopped by Frederik Andersen without a rebound.
13:42 of 3rd period - Kevin Hayes wins face-off versus Brian Gibbons in REGINA FALCONS zone.
14:18 of 3rd period - T.J. Oshie is hit by Joel Edmundson and loses puck.
14:33 of 3rd period - Shot by Jeff Carter.
14:33 of 3rd period - Deflect By T.J. Oshie.
14:33 of 3rd period - Shot Blocked by David Pastrnak.
14:41 of 3rd period - Shot by Jeff Carter.
14:41 of 3rd period - Stopped by Frederik Andersen without a rebound.
14:42 of 3rd period - Kevin Hayes wins face-off versus David Pastrnak in REGINA FALCONS zone.
14:43 of 3rd period - Shot by Phil Kessel.
14:43 of 3rd period - Shot Misses the Net.
14:45 of 3rd period - Shot by Kevin Hayes.
14:45 of 3rd period - Shot Misses the Net.
14:52 of 3rd period - Minor Penalty to Ben Harpur for Roughing.
14:53 of 3rd period - Jeff Carter wins face-off versus Brandon Saad in REGINA FALCONS zone.
15:29 of 3rd period - Icing by Teuvo Teravainen.
15:30 of 3rd period - Jeff Carter wins face-off versus Brian Gibbons in PHOENIX MUSTANGS zone.
16:26 of 3rd period - Shot by Phil Kessel.
16:26 of 3rd period - Stopped by Frederik Andersen without a rebound.
16:27 of 3rd period - Blake Comeau wins face-off versus Kevin Hayes in REGINA FALCONS zone.
17:50 of 3rd period - Icing by Justin Faulk.
17:51 of 3rd period - Nazem Kadri wins face-off versus T.J. Oshie in PHOENIX MUSTANGS zone.
17:51 of 3rd period - David Pastrnak is hit by Justin Faulk and loses puck.
18:10 of 3rd period - David Pastrnak is hit by Teuvo Teravainen and loses puck.
18:15 of 3rd period - Jeff Carter is hit by Nazem Kadri and loses puck.
18:20 of 3rd period - Shot by David Pastrnak.
18:20 of 3rd period - Shot Misses the Net.
19:03 of 3rd period - Shot by Brady Tkachuk.
19:03 of 3rd period - Deflect By Blake Comeau.
19:03 of 3rd period - Goal by Blake Comeau - REGINA FALCONS : 4 - PHOENIX MUSTANGS : 2.
19:04 of 3rd period - Max Pacioretty wins face-off versus Alexander Steen in neutral zone.
19:18 of 3rd period - Off-side.
19:19 of 3rd period - Kevin Hayes wins face-off versus Boone Jenner in neutral zone.
19:30 of 3rd period - Shot by Alexander Steen.
19:30 of 3rd period - Stopped by Frederik Andersen without a rebound.
19:31 of 3rd period - Jeff Carter wins face-off versus Nazem Kadri in REGINA FALCONS zone.
19:31 of 3rd period - Jesper Fast is hit by Ben Harpur.
19:52 of 3rd period - Kevin Labanc is hit by Ben Harpur and loses puck.
Goals for this period are 2 for REGINA FALCONS vs 0 for PHOENIX MUSTANGS.
Shots for this period are 10 for REGINA FALCONS vs 6 for PHOENIX MUSTANGS.


DARCY
KUEMPER
JAKE
OETTINGER
NINO
NIEDERREITER

EAST COAST

HOCKEY LEAGUE

  • 1.CHI2QUE4
  • 2.LIM2CHA3
  • 3.LON3TRV5
  • 4.BAL5CHW6
  • 5.MANPIT
  • 6.NHWATL
  • 7.PETWOR
  • 8.RHI